Map: Thunderbird LE

Players

Gerald - Winner!

  • Race: Protoss Protoss
  • Spawn Location: 5:00

PappiJoe

  • Race: Protoss Protoss
  • Spawn Location: 11:00

VOD

Have the link to the VOD?

Description

Time

  • Played on: Sept. 6, 2019, 4:03 p.m.
  • Length: 6:21
Show
View Real Time Build Order
Export as new Build Order

Gerald Protoss - Winner!

Build Orders:  

Get SALT Encoding   

  12  0:00  Probe  
  13  0:12  Probe  
  14  0:18  Pylon  
  14  0:23  Probe  
  15  0:32  Probe  
  15  0:37  Gateway  
  15  0:40  Probe  
  16  0:45  Assimilator  
  17  0:52  Probe  
  17  0:54  Assimilator  
  18  1:00  Probe  
  18  1:06  Gateway  
  18  1:08  Probe  
  20  1:18  Probe  
  20  1:25  Cybernetics Core  
  21  1:30  Probe  
  21  1:32  Pylon  
  22  1:42  Probe  
  22  1:44  Pylon  
  23  1:55  Probe  
  18  2:01  Adept x2  
  24  2:07  Probe  
  29  2:10  Robotics Facility  
  29  2:15  Warp Gate  
  29  2:27  Probe  
  30  2:34  Stalker x2  
  33  2:46  Shield Battery  
  33  2:53  Immortal  
  33  2:55  Shield Battery  
  37  3:26  Stalker  
  39  3:27  Shield Battery  
  39  3:31  Pylon  
  39  3:34  Observer  
  39  3:51  Gateway  
  37  4:03  Warp Prism, Stalker  
  41  4:12  Stalker  
  41  4:26  Pylon  
  41  4:28  Stalker  
  41  4:30  Immortal  
  46  4:54  Stalker x3  
  52  5:09  Observer  
  53  5:14  Pylon  
  53  5:18  Sentry  
  53  5:38  Stalker x2  
  53  5:42  Probe  
  47  5:54  Probe  
  48  5:59  Pylon  
  48  6:02  Adept  
  50  6:04  Adept  
  50  6:06  Probe  
  53  6:15  Sentry  
Show
View Real Time Build Order
Export as new Build Order

PappiJoe Protoss 

Build Orders: Mass Adepts, Dark Templar Rush 

Get SALT Encoding   

  12  0:00  Probe  
  13  0:12  Probe  
  14  0:19  Pylon  
  14  0:24  Probe  
  15  0:33  Probe  
  15  0:39  Gateway  
  15  0:41  Probe  
  16  0:47  Assimilator  
  17  0:52  Probe  
  17  0:55  Assimilator  
  18  1:04  Probe  
  18  1:09  Gateway  
  19  1:14  Probe  
  20  1:22  Probe  
  20  1:27  Cybernetics Core  
  20  1:31  Probe  
  22  1:42  Pylon  
  22  1:44  Probe  
  23  2:03  Warp Gate, Adept  
  23  2:04  Adept  
  27  2:12  Twilight Council  
  27  2:17  Pylon  
  27  2:33  Adept  
  29  2:40  Adept  
  31  2:46  Shield Battery  
  31  2:49  Resonating Glaives  
  31  2:58  Pylon  
  31  3:02  Dark Shrine  
  31  3:20  Pylon  
  31  3:22  Adept x2  
  33  3:45  Gateway  
  31  4:05  Shadow Stride  
  31  4:09  Adept x2  
  35  4:12  Robotics Facility  
  35  4:33  Adept x2  
  39  4:45  Gateway  
  39  4:48  Adept  
  41  5:05  Dark Templar x2  
  45  5:16  Nexus  
Tags
 
Add a new tag
Caveats
  • Supply blocks, unpowered buildings, or Contaminate may cause inaccurate times.
  • Supply counts are checked every 10 seconds.